 Dungeon Crawl Stone Soup version 0.30-a0-937-ga0a21ad780 (webtiles) character file.

Game seed: 4439060807673571382

609 bande the Shield-Bearer (level 7, -4/43 HPs)
             Began as a Gargoyle Fighter on Mar 25, 2023.
             Slain by Duvessa
             ... wielding a +0 rapier
              (7 damage)
             ... on level 5 of the Dungeon.
             The game lasted 00:07:29 (3544 turns).

bande the Shield-Bearer (Gargoyle Fighter)          Turns: 3544, Time: 00:07:29

Health: -4/43      AC: 16    Str: 19    XL:     7   Next: 43%
Magic:  7/7        EV:  2    Int:  9    God:
Gold:   134        SH: 14    Dex: 11    Spells: 5/6 levels left

rFire   . . .      SeeInvis .    a - +0 war axe (vamp)
rCold   . . .      Faith    .    j - +1 tower shield
rNeg    + . .      Spirit   .    l - +0 plate armour
rPois   ∞          Reflect  .    (no helmet)
rElec   +          Rampage  .    (no cloak)
rCorr   .                        (no gloves)
Will    .....                    (no boots) Stlth
                                 b - amulet of regeneration
HPRegen 1.07/turn                (no ring)
MPRegen 0.10/turn                (no ring)

@: mighty, on berserk cooldown, slowed, very slow
A: sickness immunity, AC +4, negative energy resistance 1, electricity
resistance, torment resistance 1, petrification resistance
a: no special abilities


You were on level 5 of the Dungeon.
You visited 1 branch of the dungeon, and saw 5 of its levels.

You collected 212 gold pieces.
You spent 78 gold pieces at shops.

Inventory:

Hand Weapons
 a - a +0 vampiric war axe (weapon)
Armour
 j - a +1 tower shield (worn)
 l - a +0 plate armour (worn)
Jewellery
 b - an amulet of regeneration (around neck)
Scrolls
 e - 2 scrolls of fog
 f - 2 scrolls of teleportation
 g - a scroll of blinking
 i - a scroll of magic mapping
Potions
 h - a potion of haste
 k - a potion of invisibility
 n - 2 potions of brilliance
 o - 2 potions of curing {unknown}


   Skills:
 + Level 4.3 Fighting
 + Level 4.5 Axes
 + Level 4.5 Armour
 + Level 5.2 Shields
 * Level 2.5 Translocations


You had 5 spell levels left.
You knew the following spells:

 Your Spells              Type           Power      Damage    Failure   Level
a - Apportation           Tloc           8%         N/A       100%        1

Your spell library contained the following spells:

 Spells                   Type           Power      Damage    Failure   Level
 Freeze                   Ice            0%         1d3       100%        1
 Magic Dart               Conj           0%         1d3       100%        1
 Call Imp                 Summ           0%         N/A       100%        2
 Poisonous Vapours        Pois/Air       0%         N/A       100%        2
 Frozen Ramparts          Ice            0%         1d1       100%        3
 Hailstorm                Conj/Ice       0%         3d3       100%        3
 Kindle Blastsparks       Fire/Tloc/Air  2%         2d10      100%        3
 Mephitic Cloud           Conj/Pois/Air  0%         N/A       100%        3
 Fulminant Prism          Conj/Hex       0%         3d5       100%        4
 Iskenderun's Mystic Bla  Conj/Tloc      2%         2d3       100%        4
 Alistair's Intoxication  Tmut/Pois      0%         N/A       100%        5
 Lee's Rapid Deconstruct  Erth           0%         3d4*      100%        5
 Malign Gateway           Summ/Tloc      1%         N/A       100%        7
 Borgnjor's Revivificati  Necr           0%         N/A       100%        8
 Disjunction              Tloc           2%         N/A       100%        8
 Necromutation            Tmut/Necr      0%         N/A       100%        8
 Death's Door             Necr           0%         N/A       100%        9
 Cigotuvi's Dreadful Rot  Necr/Pois/Air  Unusable   N/A       N/A         2

Dungeon Overview and Level Annotations

Branches:
Dungeon (5/15)
 Temple: D:4-7

Altars:
Gozag
Zin

Shops:
D:4 *

Annotations:
D:5 Duvessa


Innate Abilities, Weirdness & Mutations

You are immune to sickness and miasma.
Your stone body is resilient. (AC +4)
You are immune to poison.
You resist negative energy. (rN+)
You are resistant to electric shocks. (rElec)
You are resistant to unholy torment.
You are immune to petrification.


Message History

You hit Duvessa but do no damage.
Duvessa is moderately wounded.
Duvessa hits you but does no damage. You block Duvessa's attack.
You hit Duvessa but do no damage.
Duvessa is moderately wounded.
You block Duvessa's attack.
You hit Duvessa.
Duvessa is moderately wounded.
You block Duvessa's attack. Duvessa hits you but does no damage.
You completely miss Duvessa.
Duvessa is moderately wounded.
Duvessa hits you with a +0 rapier! You block Duvessa's attack.
You slice Duvessa!!
Duvessa is severely wounded.
You block Duvessa's attack.
You barely miss Duvessa.
Duvessa is severely wounded.
Duvessa hits you but does no damage. x2
You barely miss Duvessa.
Duvessa is severely wounded.
Duvessa hits you with a +0 rapier! Duvessa barely misses you.
You completely miss Duvessa.
Duvessa is severely wounded.
Duvessa hits you with a +0 rapier! You block Duvessa's attack.
You hit Duvessa.
Duvessa is severely wounded.
You block Duvessa's attack.
You completely miss Duvessa.
Duvessa is severely wounded.
You are no longer berserk.
You are exhausted.
You feel yourself slow down. You block Duvessa's attack.
Duvessa hits you with a +0 rapier!
* * * LOW HITPOINT WARNING * * *
You slash Duvessa!
Duvessa is almost dead.
Duvessa hits you with a +0 rapier.
* * * LOW HITPOINT WARNING * * *
Duvessa hits you with a +0 rapier!
You die...

#.#
.#######.####(##
#.# #.
.#.........[....
#.# #.
.#.####.#####.##
#.# #. .# #.#
#.... #.# #.##.#
#.######## #.#
#....#.#
#.##...... #.#
#....#.#
#.##.##### ####
#.e).#.# #.##.# #
...# #@##.#
#.##.# # ##.#
#.##.# #.##.#
...# #.##.#
#.##.# ####
#.##.####.##.#
#.........##.#
##.####.#######.#
................#
##.####.#########
#.#


You could see Duvessa (berserk).

Vanquished Creatures
  An ogre (D:4)
  3 scorpions
  Dowan (D:5)
  3 hounds
  A gnoll bouda (D:5)
  An iguana (D:3)
  3 gnolls
  6 adders
  4 worms
  3 dart slugs
  3 orcs
  2 ball pythons
  2 endoplasms
  4 giant cockroaches
  5 goblins
  2 hobgoblins
  2 jackals (D:1)
  5 quokkas
  4 kobolds (D:1)
  7 rats
62 creatures vanquished.

Vanquished Creatures (others)
  9 plants (D:2)
9 creatures vanquished.

Grand Total: 71 creatures vanquished

Notes
Turn   | Place    | Note
-------+----------+-------------------------------------------
     0 | D:1      | bande the Gargoyle Fighter began the quest for the Orb.
     0 | D:1      | Reached XP level 1. HP: 14/14 MP: 1/1
   115 | D:1      | Reached XP level 2. HP: 16/19 MP: 2/2
   437 | D:1      | Found a faded altar of an unknown god.
   655 | D:2      | Reached XP level 3. HP: 6/23 MP: 3/3
   663 | D:2      | Learned a level 1 spell: Apportation
  1492 | D:3      | Reached skill level 4 in Shields
  1492 | D:3      | Reached XP level 4. HP: 20/28 MP: 4/4
  1852 | D:3      | Found a glowing silver altar of Zin.
  1853 | D:3      | Found an opulent altar of Gozag.
  2054 | D:4      | Reached XP level 5. HP: 27/33 MP: 5/5
  2177 | D:4      | Reached skill level 1 in Translocations
  2315 | D:4      | Noticed an ogre
  2315 | D:4      | Found Woupoyji's General Store.
  2325 | D:4      | Killed an ogre
  2341 | D:4      | Bought a potion of degeneration for 13 gold pieces
  2341 | D:4      | Bought a potion of berserk rage for 65 gold pieces
  2400 | D:4      | Reached XP level 6. HP: 38/38 MP: 6/6
  2642 | D:5      | Entered Level 5 of the Dungeon
  2779 | D:4      | Reached skill level 5 in Shields
  2779 | D:4      | Reached XP level 7. HP: 43/43 MP: 7/7
  3463 | D:5      | Got the Omnibus of the Frosty Compass
  3501 | D:5      | Noticed Dowan
  3515 | D:5      | Noticed Duvessa
  3521 | D:5      | Killed Dowan
  3544 | D:5      | Slain by Duvessa

Illustrated notes

Levels and vault maps discovered:
D:1:      ncdulo_watergridlock, layout_rooms,
          shapermc_ecumenical_altar_mp_highgroup
D:2:      layout_loops_corners, palyth_stone_intersect, serial_bayou_ford_a
D:3:      layout_rooms, grunt_temple_overflow_gold_and_silver
D:4:      layout_rooms, serial_shops, nicolae_lakefront_shop
D:5:      layout_basic, hangedman_minor_gate_pass, uniq_duvessa

Skill      XL: |  1  2  3  4  5  6 |
---------------+-------------------+-----
Axes           | 2 3 4 |  4.5
Shields        | 4 5 |  5.2
Translocations | 1 2 |  2.5
Armour         | 4 |  4.5
Fighting       | 4 |  4.3

Action                     |  1- 3 |  4- 6 |  7- 9 || total
---------------------------+-------+-------+-------++-------
  Melee: War axe           |    95 |   127 |    66 ||   288
    Use: Scroll            |     9 |     6 |       ||    15
         Potion            |       |       |     4 ||     4
 Armour: Scale mail        |    37 |    33 |       ||    70
         Chain mail        |       |     9 |       ||     9
         Plate armour      |       |    51 |    34 ||    85
  Dodge: Dodged            |    38 |    16 |     6 ||    60
  Block: Buckler           |     9 |       |       ||     9
         Tower shield      |    42 |   133 |    59 ||   234

Table legend: (Time is in decaauts)
 A = Elapsed time spent in this place.
 B = Non-inter-level travel time spent in this place.
 C = Inter-level travel time spent in this place.
 D = Time resting spent in this place.
 E = Time spent auto-exploring this place.
 F = Levels seen in this place.
 G = Mean time per level.
                   A        B        C        D        E       F      G
               +--------+--------+--------+--------+--------+-----+--------+
         Total |   3744 |   3679 |     65 |    317 |   2449 |   5 |  748.8 |
       Dungeon |   3744 |   3679 |     65 |    317 |   2449 |   5 |  748.8 |
               +--------+--------+--------+--------+--------+-----+--------+

Top non-repeatable levels by time:
     D:2: 970 daAuts
     D:4: 941 daAuts
     D:5: 705 daAuts
     D:3: 587 daAuts
     D:1: 539 daAuts
